 Dungeon Crawl Stone Soup version 0.29.1-2-gbd0b4ee654 (webtiles) character file.

Game seed: 15820913587901991294

1378 LustLizard the Shooter (level 8, -2/93 (96) HPs)
             Began as a Barachi Hunter on Nov 9, 2022.
             Was an Initiate of Cheibriados.
             Slain by Crazy Yiuf
             ... wielding a +4 quarterstaff of chaos
              (7 damage)
             ... on level 3 of the Dungeon.
             The game lasted 00:15:30 (7373 turns).

LustLizard the Shooter (Barachi Hunter)             Turns: 7373, Time: 00:15:30

HP:   -2/93 (96)    AC:  6    Str: 15    XL:     8   Next: 66%
MP:   9/9           EV: 14    Int: 10    God:    Cheibriados [......]
Gold: 396           SH:  5    Dex: 24    Spells: 1/8 levels left

rFire   . . .      SeeInvis .   a - +0 shortbow
rCold   . . .      Faith    .   (shield currently unavailable)
rNeg    . . .      Spirit   .   u - +0 ring mail
rPois   .          Reflect  +   (no helmet)
rElec   .          Harm     .   f - +0 cloak
rCorr   .          Rampage  .   (no gloves)
Will    .....                   (no boots)
Stlth   ..........              h - amulet of reflection
HPRegen 0.25/turn               A - +6 ring of dexterity
MPRegen 0.11/turn               (no ring)

@: berserking, lethally poisoned (-2 -> -5), lightly drained, very slow
A: amphibious, slowness 1, strong legs 1, +LOS
a: Hop, Renounce Religion


You were on level 3 of the Dungeon.
You worshipped Cheibriados.
Cheibriados was noncommittal.
You visited 2 branches of the dungeon, and saw 7 of its levels.

You collected 396 gold pieces.

Inventory:

Hand Weapons
 a - a +0 shortbow (weapon)
Missiles
 t - 18 poisoned darts
Armour
 c - a +0 leather armour
 f - a +0 cloak (worn)
 u - a +0 ring mail (worn)
 C - a +0 chain mail
Jewellery
 h - an amulet of reflection (around neck)
 A - a +6 ring of dexterity (left hand)
Wands
 o - a wand of roots (9)
 B - a wand of flame (28)
Scrolls
 b - 3 scrolls of immolation
 d - 2 scrolls of magic mapping {unknown}
 i - 2 scrolls of silence {unknown}
 k - a scroll of blinking {unknown}
 m - 2 scrolls of poison {unknown}
 s - a scroll of enchant armour {unknown}
 v - a scroll of amnesia {unknown}
 y - 2 scrolls of torment {unknown}
 F - 2 scrolls of enchant weapon {unknown}
Potions
 e - a potion of ambrosia {unknown}
 g - 2 potions of heal wounds
 j - 2 potions of attraction {unknown}
 l - a potion of lignification {unknown}
 n - a potion of might {unknown}
 p - 3 potions of curing
 q - a potion of mutation {unknown}
 r - a potion of magic {unknown}
 w - 2 potions of flight {unknown}
 x - a potion of brilliance {unknown}
 z - 2 potions of degeneration
 D - a potion of haste {unknown}
 E - a potion of resistance {unknown}


   Skills:
 + Level 5.6 Fighting
 * Level 7.3 Ranged Weapons
 + Level 5.0 Dodging
 - Level 4.0 Stealth
 - Level 0.9 Spellcasting
 * Level 2.6 Invocations
 + Level 2.0 Evocations


You had one spell level left.
You knew the following spells:

 Your Spells              Type           Power      Damage    Failure   Level
a - Orb of Destruction    Conj           0%         9d5       100%        7

Your spell library contained the following spells:

 Spells                   Type           Power      Damage    Failure   Level
 Gell's Gravitas          Tloc           0%         N/A       91%         3
 Lesser Beckoning         Tloc           0%         N/A       91%         3
 Summon Guardian Golem    Hex/Summ       0%         N/A       91%         3
 Teleport Other           Tloc           0%         N/A       91%         3
 Spellforged Servitor     Conj/Summ      0%         N/A       100%        7


Dungeon Overview and Level Annotations

Branches:
Dungeon (6/15)             Temple (1/1) D:5

Altars:
Ashenzari
Cheibriados
Elyvilon
Fedhas
Gozag
Hepliaklqana
Kikubaaqudgha
Makhleb
Nemelex Xobeh
Okawaru
Trog
Uskayaw
Vehumet
Wu Jian
Yredelemnul
Zin

Shops:
D:3 (

Annotations:
D:3 Crazy Yiuf
D:5 exclusion: steam dragon
D:6 Maggie


Innate Abilities, Weirdness & Mutations

You are amphibious.
You cover ground slowly.
You can hop short distances.
You have an extended range of vision and can be seen from far away.


Message History

You shoot an arrow.
You feel sick. Something barely misses you. Something hits you!
You feel drained.
Unknown command.
You feel better. Something hits you.
Fire: a) +0 shortbow
Press: ? - help, Q - select action, (/) - cycle Shift-Dir - straight line You shoot an arrow.
Something hits you!
* * * LOW HITPOINT WARNING * * *
Something burns you.
* * * LOW HITPOINT WARNING * * *
You feel much better. Something hits you!
You feel much better. Something hits you!
A red film seems to cover your vision as you go berserk!
Cheibriados protects you from inadvertent hurry.
You feel mighty!
Okay, then.
You are too berserk!
You barely miss something. You block something's attack.
Something closely misses you.
Okay, then.
You are too berserk!
You are too berserk!
You miss something. Something hits you!
You are electrocuted!!
* * * LOW HITPOINT WARNING * * *
You barely miss something. Something hits you.
* * * LOW HITPOINT WARNING * * *
You are poisoned.
Something hits you!
* * * LOW HITPOINT WARNING * * *
Something burns you.
* * * LOW HITPOINT WARNING * * *
You are too berserk!
You are too berserk!
You closely miss something.
* * * LOW HITPOINT WARNING * * *
You feel sick. You block something's attack.
You clumsily bash something.
You feel sick. Something hits you!
You die...

####..........### #.#
##...............# #.# #########
#................# #.# ........#
##############...####.# ........#
#......... .####.####♣♣♣♣♣
#.######.# .# #.##....♣.♣♣♣ ###
### #.# .# #........♣..♣#...# #.#
.# ##......♣♣♣♣@{...# ########.#
.# ##....♣♣ ♣♣#..)# #......... .#
####♣♣ ### ######.#.. .# ##... .#
### ##.. .# ### ###########.##
#.. .# #.###.#.#.##.###.## #..
.##########.##.#...#.#####.####..
.........##...............)).....


There were no monsters in sight!

Vanquished Creatures
  Prince Ribbit (D:5)
  2 orc warriors
  A black bear (D:6)
  2 ogres
  A phantom (D:6)
  A kobold brigand (D:6)
  A necrophage (D:3)
  A scorpion (D:4)
  An orc priest (D:6)
  A hound (D:3)
  Jessica (D:2)
  Terence (D:2)
  2 iguanas
  Natasha (thrice) (D:2)
  5 gnolls
  7 adders
  3 worms
  A dart slug (D:1)
  12 orcs
  5 ball pythons
  12 endoplasms
  6 giant cockroaches
  7 goblins
  6 hobgoblins
  3 jackals
  7 quokkas
  3 bats
  12 kobolds
  13 rats
121 creatures vanquished.

Vanquished Creatures (others)
  4 plants (D:3)
4 creatures vanquished.

Grand Total: 125 creatures vanquished

Notes
Turn   | Place    | Note
-------+----------+-------------------------------------------
     0 | D:1      | LustLizard the Barachi Hunter began the quest for the Orb.
     0 | D:1      | Reached XP level 1. HP: 17/17 MP: 1/1
    87 | D:1      | Reached skill level 1 in Stealth
   212 | D:1      | Reached XP level 2. HP: 23/23 MP: 2/2
   636 | D:1      | Reached XP level 3. HP: 28/28 MP: 3/3
   640 | D:1      | Found a faded altar of an unknown god.
   901 | D:2      | Noticed Terence
   951 | D:2      | Noticed Jessica
   957 | D:2      | Killed Jessica
   958 | D:2      | Reached XP level 4. HP: 31/35 MP: 4/4
  1115 | D:2      | Noticed Natasha
  1122 | D:2      | Killed Natasha
  1174 | D:2      | Killed Terence
  1175 | D:2      | Reached skill level 5 in Ranged Weapons
  1175 | D:2      | Reached XP level 5. HP: 10/41 MP: 5/5
  1456 | D:2      | Noticed Natasha
  1465 | D:2      | Killed Natasha
  1491 | D:2      | Noticed Natasha
  1496 | D:2      | Killed Natasha
  2054 | D:3      | Reached XP level 6. HP: 20/48 MP: 6/6
  2349 | D:3      | Found Gautey's Antique Weapon Shoppe.
  2848 | D:3      | Found a runed translucent door.
  2849 | D:3      | Noticed Crazy Yiuf
  3189 | D:4      | Found a hazy altar of Hepliaklqana.
  3299 | D:4      | Noticed an orc warrior
  3408 | D:4      | Reached skill level 6 in Ranged Weapons
  3408 | D:4      | Reached XP level 7. HP: 38/55 MP: 7/7
  4236 | D:4      | Noticed a moth of wrath
  4238 | D:4      | Found a bloodstained altar of Trog.
  4608 | D:5      | Entered Level 5 of the Dungeon
  4666 | D:5      | Found a staircase to the Ecumenical Temple.
  4808 | Temple   | Entered the Ecumenical Temple
  4841 | Temple   | Became a worshipper of Cheibriados the Contemplative
  5459 | D:5      | Noticed Prince Ribbit
  5472 | D:5      | Killed Prince Ribbit
  5473 | D:5      | Reached skill level 5 in Fighting
  5473 | D:5      | Reached skill level 1 in Invocations
  5473 | D:5      | Reached XP level 8. HP: 23/62 MP: 7/9
  5864 | D:5      | Reached skill level 1 in Evocations
  6202 | D:6      | Learned a level 7 spell: Orb of Destruction
  6402 | D:6      | Reached skill level 7 in Ranged Weapons
  6620 | D:6      | Reached skill level 5 in Dodging
  6858 | D:6      | Noticed Maggie
  6917 | D:6      | Found a burning altar of Makhleb.
  7057 | D:6      | Found a blossoming altar of Fedhas.
  7373 | D:3      | Slain by Crazy Yiuf

Illustrated notes

Levels and vault maps discovered:
D:1:      arrival_zaba_pyramid, layout_loops_corners,
          shapermc_ecumenical_altar_pompeii
D:2:      layout_loops_ring, minmay_surrounded, uniq_jessica, uniq_natasha,
          uniq_terence
D:3:      cheibrodos_old_hovel, layout_loops_ring, serial_shops, shop,
          uniq_crazy_yiuf_cottage
D:4:      layout_cave_pods, lemuel_doored_altar, tgw_trog
D:5:      layout_layer_cave, temple_doors_e, uniq_prince_ribbit1
D:6:      layout_cave_pools, lemuel_round_altar, fedhas_altar_fruit_tree,
          columned_hall_lemuel, uniq_maggie
Temple:   nicolae_temple_bog_church

Skill      XL: |  1  2  3  4  5  6  7  8 |
---------------+-------------------------+-----
Stealth        | 1 2 3 4 |  4.0
Fighting       | 3 4 5 |  5.6
Dodging        | 3 4 5 |  5.0
Ranged Weapons | 5 6 7 |  7.3
Invocations    | 1 2 |  2.6
Evocations     | 2 |  2.0
Spellcasting   | |  0.9

Action                   |  1- 3 |  4- 6 |  7- 9 || total
-------------------------+-------+-------+-------++-------
Melee: Shortbow          |       |       |     5 ||     5
 Fire: Shortbow          |    76 |   199 |   192 ||   467
 Abil: Hop               |       |     3 |     8 ||    11
  Use: Scroll            |       |       |     3 ||     3
       Potion            |       |       |     5 ||     5
Armor: Leather armour    |    10 |    14 |       ||    24
       Ring mail         |       |     3 |    17 ||    20
Dodge: Dodged            |    11 |    69 |    46 ||   126
Block: Other             |       |       |    15 ||    15
       Reflection        |       |       |     1 ||     1
